AoeStats
← blytz

Arabia

510404372Analyzed
1v1 RM · 1d ago on Sep 30, 2026· 39m 47s· 2 players
Game mode
Random Map
Map size
Tiny (2 player)
Population
200
Speed
Normal
Resources
Standard
Victory
Conquest
Starting age
Dark Age
Ending age
Imperial Age
RankedLock teamsTeams togetherTeam positionsShared explorationLock speedFull tech treeHidden civsTurbo modeCheats
Victory
Defeat
🇨🇳 Ethiopians · China
2279
+8
🇦🇷 Cumans · Argentina
2076
-8
blytz
6:01 Loom
8:33 Feudal Age
9:21 Double-Bit Axe
18:33 Castle Age
17:01 Fletching
17:34 Horse Collar
18:38 Crossbowman
19:18 Bodkin Arrow
21:30 Bow Saw
24:31 Wheelbarrow
26:26 Town Watch
26:58 Hand Cart
31:33 Imperial Age
30:05 Padded Archer Armor
30:16 Heavy Plow
30:38 Thumb Ring
31:40 Ballistics
32:20 Bracer
33:24 Chemistry
32:49 Conscription
34:17 Arbalester
37:18 Leather Archer Armor
37:21 Gold Mining
37:22 Stone Mining
37:56 Scale Mail Armor
38:07 Forging
38:44 Ring Archer Armor
39:00 Conscription
38:45 Heavy Plow
39:27 Chain Mail Armor
39:21 Squires
39:05 Halberdier
40:03 Forging
Buchi
6:10 Loom
8:54 Feudal Age
9:25 Double-Bit Axe
12:36 Horse Collar
22:06 Castle Age
21:48 Scale Barding Armor
22:48 Bloodlines
24:30 Chain Barding Armor
25:32 Forging
26:48 Bow Saw
27:17 Gold Mining
30:05 Wheelbarrow
29:19 Capped Ram
30:50 Fletching
33:21 Caravan
36:18 Imperial Age
36:25 Iron Casting
36:37 Cavalier
38:25 Plate Barding Armor
Connection lost

Rejoining the realm…

Still unreachable

The connection could not be restored.

Session expired

The server has moved on; the page needs a fresh start.